 Dungeon Crawl Stone Soup version 0.31-a0-675-g238779eb0a (webtiles) character file.

Game seed: 9201110601384708831

93 qw the Shooter (level 4, -8/28 HPs)
             Began as a Gargoyle Hunter on Sept 5, 2023.
             Killed by divine providence
             ... invoked by an orc priest
              (11 damage)
             ... on level 3 of the Dungeon.
             The game lasted 00:00:40 (1423 turns).

qw the Shooter (Gargoyle Hunter)                    Turns: 1423, Time: 00:00:41

Health: -8/28      AC:  8    Str: 15    XL:     4   Next: 62%
Magic:  4/4        EV: 11    Int:  9    God:
Gold:   112        SH:  0    Dex: 15    Spells: 3/3 levels left

rFire   . . .        Y - +0 shortbow
rCold   . . .        (shield currently unavailable)
rNeg    + . .        g - +0 ring mail
rPois   inf          (no helmet)
rElec   +            (no cloak)
rCorr   .            (no gloves)
SInv    .            (no boots)
Will    .....        (no amulet)
Stlth   ++           (no ring)
HPRegen 0.24/turn    (no ring)
MPRegen 0.09/turn

%: no passive effects
@: no status effects
A: sickness immunity, AC +3, negative energy resistance 1, electricity
resistance, torment resistance 1, petrification resistance, camouflage 1
a: no special abilities


You were on level 3 of the Dungeon.
You visited 1 branch of the dungeon, and saw 3 of its levels.

You collected 112 gold pieces.


Innate Abilities, Weirdness & Mutations

You are immune to sickness and miasma.
Your stone body is resilient. (AC +3)
You are immune to poison.
You resist negative energy. (rN+)
You are resistant to electric shocks. (rElec)
You are resistant to unholy torment.
You are immune to petrification.
Your skin changes colour to match your surroundings (Stealth+).


   Skills:
 - Level 3.0 Fighting
 - Level 5.5 Ranged Weapons
 + Level 0.4 Armour
 - Level 1.5 Dodging
 - Level 1.1 Stealth


You had 3 spell levels left.
You didn't know any spells.
Your spell library was empty.

Inventory:

Hand Weapons
 Y - a +0 shortbow (weapon)
Armour
 g - a +0 ring mail (worn)
Potions
 d - a potion of brilliance {unknown}
 f - a potion of mutation
 i - a potion of curing {unknown}

Dungeon Overview and Level Annotations

Branches:
Dungeon (3/15)

Altars:
Elyvilon
Hepliaklqana
Xom


Message History

You shoot an arrow. The arrow hits the rat!
You kill the rat!
An orc priest comes into view. It is wielding a +0 dagger.
1412 ||| Stepping ~*~*~tactically~*~*~ (outnumbered).
You shoot an arrow.
The arrow hits the orc priest but does no damage.
You shoot an arrow. The arrow barely misses the orc priest.
You shoot an arrow. The arrow barely misses the orc priest.
The orc priest mumbles some strange prayers to Beogh against you.
Beogh smites you!
Ouch! That really hurt!
You shoot an arrow. The arrow hits the dart slug.
You kill the dart slug!
You shoot an arrow.
The arrow hits the orc priest but does no damage.
The orc priest looks encouraged for a moment.
You shoot an arrow. The arrow barely misses the orc priest.
You shoot an arrow.
The arrow closely misses the orc priest.
You hear a shout!
The orc priest calls down the wrath of Beogh upon you.
Beogh smites you!
An orc comes into view. It is wielding a +0 dagger.
The orc priest looks braver for a moment.
You hear a shout!
You shoot an arrow.
The arrow hits the orc priest but does no damage.
The orc priest looks encouraged for a moment.
You shoot an arrow.
The arrow hits the orc priest but does no damage.
You shoot an arrow.
The arrow closely misses the orc priest.
The arrow hits the orc.
The orc is severely wounded.
The orc priest hits you but does no damage.
You shoot an arrow. The arrow hits the orc priest!
The orc priest is heavily wounded.
The orc priest calls down the wrath of Beogh upon you.
Beogh smites you!
You die...

# ###.#.... #.#.......
w#.#.#.(# .......
..... %.. #o# #o# ###
#@# ..# ##'## #.# #
##...## #######.....
##.....###.....##.# #
##.......##.PPP.##.# #
#.........'.P:..##.###
+.........'.P._.#.....
#.........'.P...#.####
##.......##.PPP.#.....


You could see an orc priest and an orc.

Vanquished Creatures
  3 adders (D:2)
  6 dart slugs
  7 endoplasms
  A giant cockroach (D:1)
  5 goblins
  4 hobgoblins
  7 kobolds
  8 ball pythons
  6 bats
  3 frilled lizards
  6 rats
56 creatures vanquished.

Notes
Turn   | Place    | Note
-------+----------+-------------------------------------------
     0 | D:1      | qw the Gargoyle Hunter began the quest for the Orb.
     0 | D:1      | Reached XP level 1. HP: 12/12 MP: 1/1
     0 | D:1      | 0 ||| qw: Version: 0.3-a-75-g829b12e
     0 | D:1      | 0 ||| qw: Game counter: 184
     0 | D:1      | 0 ||| qw: Melee chars always use a shield: true
     0 | D:1      | 0 ||| qw: God list: Okawaru
     0 | D:1      | 0 ||| qw: Allow faded altars: false
     0 | D:1      | 0 ||| qw: Do Orc after clearing Dungeon:15 true
     0 | D:1      | 0 ||| qw: Do second Lair branch before Depths: true
     0 | D:1      | 0 ||| qw: Lair rune preference: random
     0 | D:1      | 0 ||| qw: Goals: Normal
     0 | D:1      | 0 ||| PLANNING D:1-11
    63 | D:1      | Reached XP level 2. HP: 17/17 MP: 2/2
   264 | D:1      | Found a faded altar of an unknown god.
   281 | D:1      | 281 ||| Stepping ~*~*~tactically~*~*~ (outnumbered).
   290 | D:1      | Reached XP level 3. HP: 21/21 MP: 3/3
   383 | D:1      | Reached skill level 5 in Ranged Weapons
   405 | D:1      | 405 ||| READING scroll labelled WYNELLUYNU.
   506 | D:1      | 506 ||| READING scroll labelled XOLOQIFIHEJ.
   507 | D:1      | 507 ||| DRINKING 2 brown potions.
   507 | D:1      | Gained mutation: Your skin changes colour to match your
                  | surroundings (Stealth+). [potion of mutation]
   508 | D:1      | 508 ||| DROPPING scroll of butterflies.
   585 | D:2      | Found a shimmering altar of Xom.
   682 | D:2      | Reached skill level 3 in Fighting
   688 | D:2      | 688 ||| Stepping ~*~*~tactically~*~*~ (outnumbered).
   802 | D:2      | Reached XP level 4. HP: 28/28 MP: 4/4
  1185 | D:2      | 1185 ||| UPGRADING to +0 ring mail.
  1195 | D:2      | 1195 ||| DROPPING +0 leather armour.
  1196 | D:2      | 1196 ||| DROPPING ring of flight.
  1197 | D:2      | 1197 ||| READING scroll labelled VUUPHA KEPAO.
  1198 | D:2      | 1198 ||| READING scroll labelled COCICY PASHRU.
  1199 | D:2      | 1199 ||| READING scroll labelled XYERUCS HAKI.
  1204 | D:2      | 1204 ||| DRINKING 2 white potions.
  1205 | D:2      | 1205 ||| DROPPING potion of invisibility.
  1298 | D:3      | Found a hazy altar of Hepliaklqana.
  1397 | D:3      | Found a white marble altar of Elyvilon.
  1412 | D:3      | 1412 ||| Stepping ~*~*~tactically~*~*~ (outnumbered).
  1419 | D:3      | HP: 2/28 [orc priest/divine providence (12)]
  1423 | D:3      | Killed from afar by an orc priest

Levels and vault maps discovered:
D:1:      dpeg_arrival_pond, layout_basic, shapermc_ecumenical_altar_venn
D:2:      layout_loops_cross, basic_altar, minmay_box_of_dots
D:3:      layout_loops_corners, mainiacjoe_overflow_cross_hatched,
          mainiacjoe_overflow_alcove_4, minmay_misc_feat_tiny, uniq_robin

Skill      XL: |  1  2  3 |
---------------+----------+-----
Ranged Weapons | 5 |  5.5
Fighting       | 3 |  3.0
Armour         | |  0.4
Dodging        | |  1.5
Stealth        | |  1.1

Action                     |  1- 3 |  4- 6 || total
---------------------------+-------+-------++-------
   Fire: Shortbow          |   116 |    50 ||   166
    Use: Scroll            |     2 |     3 ||     5
         Potion            |     1 |     1 ||     2
 Armour: Leather armour    |    20 |    10 ||    30
         Ring mail         |       |     1 ||     1
  Dodge: Dodged            |    26 |     6 ||    32

Table legend:
 A = Non-vault XP
 B = Vault XP
 C = Vault XP percentage of total XP
 D = Non-vault monster count
 E = Vault monster count
 F = Vault count percentage of total count
                 A         B        C        D         E       F
            +---------+---------+-------+---------+---------+-------
      Total |     119 |      15 |  11.2 |      54 |       2 |   3.6
            +---------+---------+-------+---------+---------+-------
        D:1 |      40 |       0 |   0.0 |      23 |       0 |   0.0
        D:2 |      71 |      15 |  17.4 |      27 |       2 |   6.9
        D:3 |       8 |       0 |   0.0 |       4 |       0 |   0.0
            +---------+---------+-------+---------+---------+-------
